 Dungeon Crawl Stone Soup version 0.20.1-1-g8b1a95d (webtiles) character file.

59 Folque the Magician (level 4, -3/29 HPs)
             Began as an Octopode Wizard on Nov 18, 2017.
             Slain by an ogre
             ... wielding a +0 giant club
              (23 damage)
             ... on level 3 of the Dungeon on Nov 19, 2017.
             The game lasted 00:09:22 (2323 turns).

Folque the Magician (Octopode Wizard)               Turns: 2323, Time: 00:09:23

Health: -3/29      AC:  1    Str:  6    XL:     4   Next: 3%
Magic:  0/9        EV: 13    Int: 21    God:
Gold:   164        SH:  0    Dex: 10    Spells: 2/10 levels left

rFire    . . .     SeeInvis .   s - +0 mace
rCold    . . .     Gourm    .   (no shield)
rNeg     . . .     Faith    .   a - +0 hat
rPois    .         Spirit   .   (no amulet)
rElec    .         Reflect  .   (no ring)
rCorr    .         Harm     .   (no ring)
MR       .....                  (no ring)
Stlth    +++.......             (no ring)
Regen    0.1/turn               (no ring)
MPRegen  0.2/turn               (no ring)
                                (no ring)
                                (no ring)

@: no status effects
A: almost no armour, stealthy swim, amphibious, 8 rings, constrict 8, camouflage
1, gelatinous body 1
a: no special abilities


You were on level 3 of the Dungeon.
You were not hungry.

You visited 1 branch of the dungeon, and saw 3 of its levels.

You collected 164 gold pieces.

Inventory:

Hand Weapons
 g - a +0 whip
 p - a +0 short sword
 s - a +0 mace (weapon)
Missiles
 f - a throwing net (quivered)
Armour
 a - a +0 hat (worn)
Scrolls
 e - 3 scrolls of teleportation
 h - a scroll of immolation {unknown}
 l - a scroll of fear {unknown}
 m - a scroll of blinking {unknown}
 o - a scroll of magic mapping {unknown}
 q - 2 scrolls of amnesia {unknown}
 r - 3 scrolls of identify
 u - 3 scrolls of remove curse {unknown}
 v - 3 scrolls of random uselessness {unknown}
 w - 2 scrolls of enchant armour {unknown}
Potions
 d - 2 potions of haste
 i - a potion of invisibility {unknown}
 j - a potion of magic {unknown}
 k - 2 potions of brilliance
 n - 2 potions of lignification {unknown}
 t - a potion of heal wounds {unknown}
 z - 2 potions of mutation {unknown}
 A - a potion of curing {unknown}
Books
 b - a book of Minor Magic

   Spells                             Type                      Level
   a - Magic Dart                     Conjuration                  1
   b - Blink                          Translocation                2
   c - Call Imp                       Summoning                    2
   d - Slow                           Hexes                        2
   e - Conjure Flame                  Conjuration/Fire             3
   f - Mephitic Cloud                 Conjuration/Poison/Air       3
Comestibles
 c - a bread ration
 x - 3 fruits


   Skills:
 - Level 2.2 Fighting
 - Level 2.0 Dodging
 - Level 2.6 Stealth
 + Level 3.6 Spellcasting
 + Level 1.2 Conjurations
 - Level 1.0 Summonings
 - Level 1.0 Translocations
 * Level 1.0 Poison Magic


You had 2 spell levels left.
You knew the following spells:

 Your Spells              Type           Power        Failure   Level  Hunger
a - Magic Dart            Conj           #...         8%          1    None
b - Call Imp              Summ           #.......     12%         2    ##.....
c - Blink                 Tloc           N/A          12%         2    ##.....
d - Mephitic Cloud        Conj/Pois/Air  #.......     26%         3    ###....


Dungeon Overview and Level Annotations

Branches:
Dungeon (3/15)

Altars:
Ashenzari
Hepliaklqana


Innate Abilities, Weirdness & Mutations

You cannot wear most types of armour.
You are very stealthy in the water. (Stealth+)
You are amphibious.
You can wear up to eight rings at the same time.
You can use your tentacles to constrict eight enemies at once.
Your skin changes colour to match your surroundings (Stealth+).
Your rubbery body absorbs attacks. (AC +1, EV +1)


Message History

The ogre is heavily wounded.
The ogre is engulfed in noxious fumes.
Casting: Mephitic Cloud
Confirm with . or Enter, or press ? or * to list all spells.
You don't have enough magic to cast that spell.
Casting: Mephitic Cloud
Confirm with . or Enter, or press ? or * to list all spells.
Aiming: Mephitic Cloud
Press: ? - help, Shift-Dir - straight line, f/p - ogre
Aim: an ogre, wielding a giant club (heavily wounded)
The ball explodes into a vile cloud!
The stinking cloud engulfs the ogre.
The ogre is heavily wounded.
The ogre is engulfed in noxious fumes.
The ogre appears confused.
The ogre is engulfed in noxious fumes.
The ogre appears confused.
You hit the ogre.
The ogre is severely wounded.
The ogre is engulfed in noxious fumes.
The ogre appears confused.
The ogre hits you with a giant club!!
Ouch! That really hurt!
You die...

.##.###.#...............#
####
..........<..###.###(###.
...# ###.###.##...#
#.###.# #. ##'####
##......# #.##..###.
......# #.......#
#.##.#...# ##.##.#
#..§##### #.......##
#.#.#.# #.§§# ####.####
.###..# #.§§# #. #.#.#.#
#.O@####### #. ##.##.#
#.......... ..
....).########..<####..#
#.
#######.................
..
#.......................
..
#.#.#.#.................
.####
#.#.#.########...####...
.. ...# #.#...# #......
.#. . #..# #.#.#.#
#...### #..#.##..#


You could see an ogre (confused).

Vanquished Creatures
  2 oozes
  A worm (D:2)
  A dart slug (D:1)
  A leopard gecko (D:3)
  An orc (D:3)
  A ball python (D:2)
  2 giant cockroaches (D:1)
  4 goblins
  9 hobgoblins
  4 kobolds
  3 bats
  5 frilled lizards
  8 rats
42 creatures vanquished.

Vanquished Creatures (collateral kills)
  2 orcs (D:3)
2 creatures vanquished.

Grand Total: 44 creatures vanquished

Notes
Turn   | Place    | Note
-------+----------+-------------------------------------------
     0 | D:1      | Folque the Octopode Wizard began the quest for the Orb.
     0 | D:1      | Reached XP level 1. HP: 11/11 MP: 4/4
   112 | D:1      | Reached skill level 1 in Fighting
   173 | D:1      | Reached XP level 2. HP: 10/18 MP: 6/6
   471 | D:1      | Reached XP level 3. HP: 17/24 MP: 7/7
   871 | D:2      | Learned a level 3 spell: Mephitic Cloud
   874 | D:2      | Learned a level 2 spell: Call Imp
   877 | D:2      | Learned a level 2 spell: Blink
  1476 | D:2      | Found a shattered altar of Ashenzari.
  1490 | D:2      | Found a hazy altar of Hepliaklqana.
  2216 | D:3      | Reached XP level 4. HP: 29/29 MP: 9/9
  2220 | D:3      | Reached skill level 1 in Poison Magic
  2303 | D:3      | Noticed an ogre
  2323 | D:3      | Slain by an ogre

Skill      XL: |  1  2  3  4 |
---------------+-------------+-----
Fighting       | 1 2 |  2.2
Poison Magic   | 1 |  1.0
Dodging        | |  2.0
Stealth        | |  2.6
Spellcasting   | |  3.6
Conjurations   | |  1.2
Summonings     | |  1.0
Translocations | |  1.0

Action                   |  1- 3 |  4- 6 || total
-------------------------+-------+-------++-------
Melee: Whip              |    39 |       ||    39
       Tentacles         |    15 |     1 ||    16
       Constrict         |    24 |     1 ||    25
       Short sword       |    46 |       ||    46
       Mace              |    15 |     9 ||    24
 Cast: Magic Dart        |     4 |       ||     4
       Call Imp          |     7 |       ||     7
       Blink             |     1 |     1 ||     2
       Mephitic Cloud    |       |     3 ||     3
  Use: Scroll            |     3 |       ||     3
 Stab: Sleeping          |    13 |       ||    13
       Distracted        |     1 |       ||     1
  Eat: Chunk             |     4 |     1 ||     5
Armor: Skin              |     5 |       ||     5
Dodge: Dodged            |    59 |     4 ||    63
